[Event "FIDE WYCC Girls U16 2023"]
[Site "Montesilvano"]
[Date "2023.11.18"]
[Round "6.25"]
[White "Jansone, Melanija Luize"]
[Black "Enkhrii Enkh-Amgalan"]
[Result "0-1"]
[ECO "B32"]
[WhiteElo "1658"]
[BlackElo "1821"]
[Annotator "NA"]
[PlyCount "124"]
[EventDate "2023.11.13"]
[EventType "swiss"]
[EventCountry "ITA"]
[SourceTitle "playchess.com"]
[Source "ChessBase"]
[SourceQuality "1"]
[TimeControl "40/5400+30:1800+30"]

1. e4 c5 2. Nf3 Nc6 3. d4 cxd4 4. Nxd4 e5 5. Nb5 d6 6. c4 Be7 7. N1c3 a6 8. Na3 Be6 9. Be2 Bg5 10. O-O Bxc1 11. Rxc1 Nf6 12. Nc2 O-O 13. Qd2 Qb6 14. b3 Rfd8 15. Rfd1 Rac8 16. h3 Qa5 17. Qe3 Nb4 18. Nxb4 Qxb4 19. Bf3 Nd7 20. Nd5 Bxd5 21. Rxd5 Nb8 22. Rcd1 Nc6 23. Bg4 Rb8 24. f4 f6 25. Qg3 Ne7 26. R5d3 Qc5+ 27. Kh1 b5 28. Be6+ Kh8 29. f5 g6 30. Qh4 Kg7 31. Rg3 bxc4 32. bxc4 Rb2 33. Rf1 Rf8 34. Rgf3 Qd4 35. fxg6 Nxg6 36. Qg4 Qd2 37. Rg3 Qg5 38. Qxg5 fxg5 39. Rxf8 Nxf8 40. Bd5 Ng6 41. Rxg5 Rxa2 42. Kh2 Rb2 43. Rg3 Kh6 44. Ra3 Nf4 45. Rxa6 Rxg2+ 46. Kh1 Rg6 47. Kh2 Kg5 48. Bb7 Kh4 49. Bc8 Rg2+ 50. Kh1 Rd2 51. Ra3 Rd4 52. Bf5 Rxc4 53. Bxh7 Nxh3 54. Re3 Nf4 55. Bf5 Rd4 56. Kg1 Kg5 57. Bh7 Rd2 58. Kf1 Nd3 59. Rh3 Nc5 60. Ke1 Rd4 61. Rc3 Nxe4 62. Rc6 Kf4 0-1

[Event "FIDE WYCC Girls U16 2023"]
[Site "Montesilvano"]
[Date "2023.11.18"]
[Round "6.26"]
[White "Kosma, Maria"]
[Black "Momyn, Madina"]
[Result "0-1"]
[ECO "C02"]
[WhiteElo "1780"]
[BlackElo "1315"]
[Annotator "NA"]
[PlyCount "140"]
[EventDate "2023.11.13"]
[EventType "swiss"]
[EventCountry "ITA"]
[SourceTitle "playchess.com"]
[Source "ChessBase"]
[SourceQuality "1"]
[TimeControl "40/5400+30:1800+30"]

1. e4 e6 2. d4 d5 3. e5 c5 4. c3 Nc6 5. Nf3 Qb6 6. a3 cxd4 7. cxd4 Nge7 8. Nc3 Bd7 9. Na4 Qc7 10. Bd3 Nf5 11. Bxf5 exf5 12. O-O Be7 13. Nc3 Be6 14. Re1 h6 15. Qd3 a6 16. b4 b5 17. h4 Qd8 18. h5 Bg5 19. Ne2 Rc8 20. Bf4 Be7 21. Bd2 Bg5 22. Rac1 g6 23. hxg6 fxg6 24. Rc3 Bxd2 25. Nxd2 g5 26. Ng3 Ne7 27. Nh5 Kf7 28. Nf6 Rxc3 29. Qxc3 Qc8 30. Qb2 Ng8 31. Rc1 Qb7 32. Nxg8 Rxg8 33. Nb3 Rc8 34. Nc5 Qc6 35. Rc3 Qb6 36. Qe2 Kg6 37. Rh3 g4 38. Rc3 Rc6 39. Qc2 Qc7 40. Qb1 Qc8 41. Rg3 Kg5 42. Rc3 Kg6 43. Qe1 Kf7 44. f3 Qg8 45. f4 Qg6 46. Qh4 Rc8 47. Qe1 Rc6 48. Qc1 Ke7 49. Qe1 Kf7 50. Qg3 h5 51. Kf2 Qh6 52. Qh4 Qxf4+ 53. Ke2 Qh6 54. Qd8 f4 55. Qa8 g3 56. Qb7+ Kg8 57. Qe7 Bg4+ 58. Ke1 Qg6 59. Rc1 Qf7 60. Qd8+ Kh7 61. Qa8 Rc8 62. Qxa6 f3 63. Qxb5 fxg2 64. Qd3+ Kh8 65. Qxg3 Qf1+ 66. Kd2 g1=Q 67. Qxg1 Qe2+ 68. Kc3 Rf8 69. Kb3 Rf3+ 70. Ka4 Bd7+ 0-1

[Event "FIDE WYCC Girls U16 2023"]
[Site "Montesilvano"]
[Date "2023.11.18"]
[Round "6.27"]
[White "Ogay, Anastassiya"]
[Black "Radenkovic, Mila"]
[Result "1/2-1/2"]
[ECO "B31"]
[WhiteElo "1213"]
[BlackElo "1767"]
[Annotator "NA"]
[PlyCount "85"]
[EventDate "2023.11.13"]
[EventType "swiss"]
[EventCountry "ITA"]
[SourceTitle "playchess.com"]
[Source "ChessBase"]
[SourceQuality "1"]
[TimeControl "40/5400+30:1800+30"]

1. e4 c5 2. Nf3 Nc6 3. Bb5 g6 4. O-O Bg7 5. c3 Nf6 6. e5 Nd5 7. d4 cxd4 8. cxd4 O-O 9. Nc3 Nc7 10. Ba4 d5 11. h3 Rb8 12. Bf4 Ne6 13. Bg3 Na5 14. Bb3 Nxb3 15. Qxb3 Nc7 16. Rfe1 e6 17. Nh2 h5 18. f4 Bd7 19. Nf3 Bh6 20. Bh4 Qe8 21. Qa3 Qc8 22. Be7 Re8 23. Ng5 b6 24. Bd6 Qb7 25. Rac1 Rbc8 26. Qb3 Bf8 27. Bxf8 Rxf8 28. Qc2 Bb5 29. a4 Ba6 30. g4 hxg4 31. hxg4 Kg7 32. Kg2 Rh8 33. Rh1 b5 34. f5 gxf5 35. gxf5 Rcg8 36. Rxh8 Rxh8 37. f6+ Kf8 38. Rh1 Rg8 39. Rh5 bxa4 40. Qh7 Qxb2+ 41. Kh1 Qc1+ 42. Kh2 Qf4+ 43. Kh1 1/2-1/2

[Event "FIDE WYCC Girls U16 2023"]
[Site "Montesilvano"]
[Date "2023.11.18"]
[Round "6.28"]
[White "Boaron, Arianna"]
[Black "Bruntse, Kathrine Lindegaard"]
[Result "1/2-1/2"]
[ECO "B44"]
[WhiteElo "1516"]
[BlackElo "1746"]
[Annotator "NA"]
[PlyCount "103"]
[EventDate "2023.11.13"]
[EventType "swiss"]
[EventCountry "ITA"]
[SourceTitle "playchess.com"]
[Source "ChessBase"]
[SourceQuality "1"]
[TimeControl "40/5400+30:1800+30"]

1. e4 c5 2. Nf3 e6 3. d4 cxd4 4. Nxd4 Nc6 5. c4 Nf6 6. Nc3 Bb4 7. Nxc6 bxc6 8. Bd3 d5 9. O-O d4 10. Ne2 e5 11. a3 Bd6 12. h3 a5 13. f4 Nd7 14. Ng3 Nc5 15. fxe5 Bxe5 16. Qf3 O-O 17. Bd2 Qc7 18. Ne2 Rb8 19. b4 Nb3 20. Ra2 Nxd2 21. Rxd2 axb4 22. axb4 Rxb4 23. Qf2 c5 24. Nf4 Bxf4 25. Qxf4 Qxf4 26. Rxf4 Be6 27. Rc2 Ra8 28. Rf1 Raa4 29. Rfc1 Rb3 30. Rd2 Raa3 31. Be2 Rc3 32. Rb1 g6 33. Rb5 Bxc4 34. Rxc5 d3 35. Rxc4 Rxc4 36. Rxd3 Rxd3 37. Bxd3 Rd4 38. Bc2 Kg7 39. Kf1 Rd2 40. Bb3 Kf6 41. Bc4 Ke5 42. Bxf7 Kxe4 43. Be6 h5 44. Kg1 Ke3 45. Bf7 Rd6 46. Kh2 Kf2 47. Bc4 g5 48. Bf7 g4 49. h4 Rc6 50. Bxh5 Rh6 51. Bxg4 Rxh4+ 52. Bh3 1/2-1/2

[Event "FIDE WYCC Girls U16 2023"]
[Site "Montesilvano"]
[Date "2023.11.18"]
[Round "6.29"]
[White "Bilguun Bayaraa"]
[Black "Ismayil, Seljan"]
[Result "*"]
[ECO "D02"]
[WhiteElo "1712"]
[BlackElo "1384"]
[Annotator "NA"]
[PlyCount "54"]
[EventDate "2023.11.13"]
[EventType "swiss"]
[EventCountry "ITA"]
[SourceTitle "playchess.com"]
[Source "ChessBase"]
[SourceQuality "1"]
[TimeControl "40/5400+30:1800+30"]

1. d4 d5 2. c4 e6 3. Nc3 a6 4. e3 Nf6 5. Nf3 Nc6 6. Be2 Be7 7. O-O O-O 8. a3 b6 9. b4 dxc4 10. Bxc4 Nd5 11. Ne2 Nf6 12. Qc2 Bb7 13. e4 Na7 14. Bd3 g6 15. Nd2 Rc8 16. Nb3 Re8 17. f3 Nd7 18. Be3 Bf6 19. Rac1 Bg7 20. Qd2 Qe7 21. Rc2 Nb8 22. Rfc1 Bc6 23. Nc3 Red8 24. Qe2 Bb7 25. e5 h6 26. Be4 Bxe4 27. Nxe4 Nb5 *

[Event "FIDE WYCC Girls U16 2023"]
[Site "Montesilvano"]
[Date "2023.11.18"]
[Round "6.30"]
[White "Deak-Sala, Emilia"]
[Black "Vukovic, Sara"]
[Result "1-0"]
[ECO "B07"]
[WhiteElo "1927"]
[BlackElo "1340"]
[Annotator "NA"]
[PlyCount "53"]
[EventDate "2023.11.13"]
[EventType "swiss"]
[EventCountry "ITA"]
[SourceTitle "playchess.com"]
[Source "ChessBase"]
[SourceQuality "1"]
[TimeControl "40/5400+30:1800+30"]

1. d4 Nf6 2. Bf4 g6 3. Nc3 Bg7 4. e4 d6 5. Qd2 O-O 6. O-O-O Nbd7 7. e5 dxe5 8. dxe5 Nh5 9. Bh6 c6 10. g4 Bxh6 11. Qxh6 Ng7 12. Nf3 f6 13. e6 Kh8 14. exd7 Bxd7 15. Ne4 Ne6 16. Bc4 Qc7 17. Rhe1 Rae8 18. Nh4 Nf4 19. Nc5 Bxg4 20. Rd7 Bxd7 21. Rxe7 Nd3+ 22. cxd3 Qf4+ 23. Qxf4 Rxe7 24. Nxd7 Rxd7 25. Nxg6+ hxg6 26. Qh6+ Rh7 27. Qxf8# 1-0

[Event "FIDE WYCC Girls U16 2023"]
[Site "Montesilvano"]
[Date "2023.11.18"]
[Round "6.31"]
[White "Field, Rowan Soraya"]
[Black "Chang, Yolanda"]
[Result "1-0"]
[ECO "B12"]
[WhiteElo "1810"]
[BlackElo "1639"]
[Annotator "NA"]
[PlyCount "75"]
[EventDate "2023.11.13"]
[EventType "swiss"]
[EventCountry "ITA"]
[SourceTitle "playchess.com"]
[Source "ChessBase"]
[SourceQuality "1"]
[TimeControl "40/5400+30:1800+30"]

1. e4 c6 2. d4 d5 3. e5 c5 4. dxc5 e6 5. Nf3 Bxc5 6. a3 Ne7 7. b4 Bb6 8. Bd3 Nbc6 9. O-O Ng6 10. Bb2 O-O 11. Re1 f6 12. exf6 gxf6 13. c4 Nf4 14. c5 Bc7 15. Nc3 Qe7 16. Bf1 Ne5 17. Nb5 Nxf3+ 18. Qxf3 Bb8 19. Rad1 Qg7 20. Kh1 e5 21. h3 Be6 22. Bc1 e4 23. Qe3 Be5 24. Nd4 Bd7 25. Qb3 Bg4 26. Bxf4 Bxd1 27. Rxd1 Bxf4 28. Ne6 Qh6 29. Nxf8 Rxf8 30. Qxd5+ Kh8 31. Qxe4 Qh5 32. Rd7 Be5 33. Rxb7 Re8 34. Qg4 Qh6 35. g3 Rg8 36. Qe4 a5 37. bxa5 Ra8 38. a6 1-0

[Event "FIDE WYCC Girls U16 2023"]
[Site "Montesilvano"]
[Date "2023.11.18"]
[Round "6.32"]
[White "Kawa, Anna"]
[Black "Nuriyeva, Nurtan"]
[Result "1/2-1/2"]
[ECO "B52"]
[WhiteElo "1622"]
[BlackElo "1809"]
[Annotator "NA"]
[PlyCount "125"]
[EventDate "2023.11.13"]
[EventType "swiss"]
[EventCountry "ITA"]
[SourceTitle "playchess.com"]
[Source "ChessBase"]
[SourceQuality "1"]
[TimeControl "40/5400+30:1800+30"]

1. e4 c5 2. Nf3 d6 3. Bb5+ Bd7 4. c4 Bxb5 5. cxb5 e5 6. Nc3 g6 7. d3 h6 8. Be3 Bg7 9. O-O Ne7 10. Nd2 O-O 11. Rb1 b6 12. b4 Qd7 13. Qb3 Qc7 14. a4 Nd7 15. Rbc1 Kh7 16. Ne2 Qb7 17. Kh1 cxb4 18. Qxb4 Nc5 19. Qa3 f5 20. f3 Rad8 21. Rfd1 Ne6 22. Qb3 Qd7 23. Nb1 d5 24. Na3 fxe4 25. fxe4 d4 26. Bd2 Rf2 27. Ng3 Nc5 28. Qc2 Qg4 29. Rf1 Rdf8 30. Rxf2 Rxf2 31. Kg1 Rf8 32. Bb4 Rc8 33. Nc4 h5 34. Bxc5 Rxc5 35. Qe2 Qe6 36. Nf1 Nc8 37. Nfd2 Nd6 38. Rf1 Nf7 39. Qf2 Rc7 40. Qg3 Bh6 41. Qf2 Kg7 42. Kh1 Bxd2 43. Qxd2 Nd6 44. Nxd6 Qxd6 45. Rc1 Rc5 46. h3 Kf6 47. Rf1+ Kg7 48. Rc1 Rxc1+ 49. Qxc1 Kf6 50. Qh6 Qe7 51. Qh8+ Kf7 52. Qh7+ Kf6 53. Qh8+ Qg7 54. Qd8+ Kf7 55. Qd7+ Kg8 56. Qd6 Kh7 57. Kh2 Kh6 58. h4 Kh7 59. Qe6 Qc7 60. Qf6 Qg7 61. Qe6 Kh6 62. Qd6 Kh7 63. Qe6 1/2-1/2

[Event "FIDE WYCC Girls U16 2023"]
[Site "Montesilvano"]
[Date "2023.11.18"]
[Round "6.33"]
[White "Berezovsky, Fiorina"]
[Black "Conde Mares, Vanya Briseyda"]
[Result "*"]
[ECO "A13"]
[WhiteElo "1787"]
[BlackElo "1566"]
[Annotator "NA"]
[PlyCount "69"]
[EventDate "2023.11.13"]
[EventType "swiss"]
[EventCountry "ITA"]
[SourceTitle "playchess.com"]
[Source "ChessBase"]
[SourceQuality "1"]
[TimeControl "40/5400+30:1800+30"]

1. Nf3 d5 2. c4 e6 3. g3 a6 4. b3 Nf6 5. Bg2 c5 6. O-O dxc4 7. bxc4 Nc6 8. Bb2 Be7 9. Ne5 Nxe5 10. Bxe5 O-O 11. a4 Bd6 12. Bb2 e5 13. Qc2 Rb8 14. Nc3 Be6 15. d3 Qd7 16. a5 Bh3 17. Rfd1 Bxg2 18. Kxg2 Qc6+ 19. e4 Rfd8 20. Bc1 h6 21. Be3 Kh8 22. Rdb1 Bc7 23. Nd5 Ng4 24. Qe2 f5 25. h3 Nxe3+ 26. Qxe3 f4 27. Qf3 Rf8 28. Qh5 Qd7 29. g4 Qd6 30. g5 Bd8 31. Kh2 Bxg5 32. Rb6 Qd8 33. Rg6 Kh7 34. Rb1 Qxa5 35. Rxg5 *

[Event "FIDE WYCC Girls U16 2023"]
[Site "Montesilvano"]
[Date "2023.11.18"]
[Round "6.34"]
[White "Lazovic, Emilija"]
[Black "Cymbron, Victoria"]
[Result "*"]
[ECO "B12"]
[WhiteElo "1690"]
[BlackElo "1563"]
[Annotator "NA"]
[PlyCount "69"]
[EventDate "2023.11.13"]
[EventType "swiss"]
[EventCountry "ITA"]
[SourceTitle "playchess.com"]
[Source "ChessBase"]
[SourceQuality "1"]
[TimeControl "40/5400+30:1800+30"]

1. e4 c6 2. d4 d5 3. e5 c5 4. dxc5 e6 5. a3 Nd7 6. b4 Nxe5 7. Bb2 Qc7 8. Qh5 Ng6 9. Bd3 Nf4 10. Qf3 Bd7 11. Ne2 Nxe2 12. Qxe2 a5 13. O-O Nf6 14. c4 dxc4 15. Bxc4 Be7 16. Be5 Qc8 17. Nc3 O-O 18. Ne4 Nxe4 19. Qxe4 f5 20. Qe2 Bf6 21. Rad1 axb4 22. axb4 Qe8 23. Bd6 Rf7 24. Be5 Ra4 25. Bxf6 Rxf6 26. Rxd7 Qxd7 27. Bb5 Ra2 28. Qxa2 Qxb5 29. Qb3 Rg6 30. Rd1 h6 31. Rd4 Qe2 32. Qc4 Qe1+ 33. Qf1 Qc3 34. Rc4 Qb3 35. Qc1 *

[Event "FIDE WYCC Girls U16 2023"]
[Site "Montesilvano"]
[Date "2023.11.18"]
[Round "6.35"]
[White "Rice, Lauren"]
[Black "Seemann, Pola"]
[Result "*"]
[ECO "D35"]
[WhiteElo "1529"]
[BlackElo "1685"]
[Annotator "NA"]
[PlyCount "74"]
[EventDate "2023.11.13"]
[EventType "swiss"]
[EventCountry "ITA"]
[SourceTitle "playchess.com"]
[Source "ChessBase"]
[SourceQuality "1"]
[TimeControl "40/5400+30:1800+30"]

1. d4 d5 2. c4 e6 3. Nc3 Nf6 4. cxd5 exd5 5. Bg5 c6 6. e3 Bd6 7. Qc2 O-O 8. Bd3 h6 9. Bh4 Re8 10. Nf3 Bg4 11. Nd2 Nbd7 12. h3 Be6 13. O-O-O c5 14. g4 c4 15. Bh7+ Kh8 16. f4 g5 17. f5 Nxh7 18. fxe6 fxe6 19. Bf2 Rf8 20. Rdf1 Kg7 21. e4 Nb6 22. h4 Bf4 23. e5 Qe8 24. h5 Rc8 25. Kb1 Bxd2 26. Qxd2 Na4 27. Be1 Nxc3+ 28. Qxc3 Rxf1 29. Rxf1 b5 30. Qa5 Qd7 31. Bb4 Qb7 32. Bc5 a6 33. Qc3 Qd7 34. Qa3 Qc6 35. Be7 Qd7 36. Bf6+ Kg8 37. Qxa6 Rf8 *

[Event "FIDE WYCC Girls U16 2023"]
[Site "Montesilvano"]
[Date "2023.11.20"]
[Round "7.1"]
[White "Shohradova, Leyla"]
[Black "Siekanska, Maria"]
[Result "0-1"]
[ECO "E10"]
[WhiteElo "1782"]
[BlackElo "2180"]
[Annotator "RC"]
[PlyCount "128"]
[EventDate "2023.11.13"]
[EventType "swiss"]
[EventCountry "ITA"]
[SourceTitle "playchess.com"]
[Source "ChessBase"]
[SourceQuality "1"]
[TimeControl "40/5400+30:1800+30"]

1. d4 Nf6 2. c4 e6 3. Nf3 a6 4. g3 b5 5. b3 Bb7 6. Bg2 c5 7. O-O cxd4 8. cxb5 axb5 9. Bb2 Be7 10. Bxd4 O-O 11. Nc3 b4 12. Na4 Bc6 13. Ne5 Bxg2 14. Kxg2 d6 15. Nc4 Nbd7 16. Rc1 Qb8 17. Bxf6 Nxf6 18. Kg1 d5 19. Ncb2 h5 20. Rc6 h4 21. Nd3 Ne4 22. Nf4 Qb7 23. Rc1 Rfc8 24. Qd4 Rxc1 25. Rxc1 Rc8 26. Qe3 Bg5 27. Nc5 Bxf4 28. gxf4 Qa7 29. Nxe4 Rxc1+ 30. Qxc1 dxe4 31. Qd2 Qc5 32. Qd8+ Kh7 33. Qxh4+ Kg8 34. Qd8+ Kh7 35. e3 Qc2 36. Qd4 f5 37. Qxb4 Qxa2 38. Qc3 Qb1+ 39. Kg2 Qd1 40. b4 Qf3+ 41. Kf1 Qh1+ 42. Ke2 Qf3+ 43. Ke1 Qh1+ 44. Kd2 Qxh2 45. Qd4 Qxf2+ 46. Kc3 Qe2 47. Kb3 Qf1 48. Qc5 Qd1+ 49. Kb2 Qd2+ 50. Ka3 e5 51. b5 exf4 52. Qxf5+ g6 53. Qxf4 Qa5+ 54. Kb3 Qxb5+ 55. Kc3 Qc5+ 56. Kd2 Qd5+ 57. Ke2 g5 58. Qf6 Qd3+ 59. Kf2 Qd2+ 60. Kg3 Qxe3+ 61. Kg4 Qg1+ 62. Kh3 Qh1+ 63. Kg3 Qh4+ 64. Kg2 Qg4+ 0-1

[Event "FIDE WYCC Girls U16 2023"]
[Site "Montesilvano"]
[Date "2023.11.20"]
[Round "7.2"]
[White "Tokarz, Izabela"]
[Black "Schippke, Manon"]
[Result "1-0"]
[ECO "A53"]
[WhiteElo "1931"]
[BlackElo "2110"]
[Annotator "NA RC"]
[PlyCount "81"]
[EventDate "2023.11.13"]
[EventType "swiss"]
[EventCountry "ITA"]
[SourceTitle "playchess.com"]
[Source "ChessBase"]
[SourceQuality "1"]
[TimeControl "40/5400+30:1800+30"]

1. d4 Nf6 2. c4 d6 3. Nc3 Nbd7 4. e4 e5 5. d5 g6 6. Be2 h5 7. Bg5 Bh6 8. Bxh6 Rxh6 9. Qd2 Rh8 10. h4 Nc5 11. f3 a5 12. Nh3 Bd7 13. Nf2 Qe7 14. O-O-O Kf8 15. g4 Kg7 16. Rdf1 c6 17. Rd1 cxd5 18. g5 Ne8 19. Nxd5 Qd8 20. f4 Rc8 21. fxe5 b5 22. exd6 bxc4 23. Qd4+ Kh7 24. Ne7 Ne6 25. Qc3 Rc5 26. e5 Qb6 27. Ne4 Nf4 28. Rd2 Bc6 29. Nxc5 Bxh1 30. Qxc4 Ng7 31. Nd7 Qg1+ 32. Bd1 Nge6 33. Nf6+ Kg7 34. d7 Qe3 35. Qc3 Qb6 36. Ned5 Nxd5 37. Nxd5 Qb7 38. Nf6 Rb8 39. Bb3 Nf4 40. Ne8+ Kf8 41. Qc5+ 1-0

[Event "FIDE WYCC Girls U16 2023"]
[Site "Montesilvano"]
[Date "2023.11.20"]
[Round "7.3"]
[White "Bondar, Daria"]
[Black "Kaldarova, Ayaulym"]
[Result "*"]
[ECO "B53"]
[WhiteElo "1908"]
[BlackElo "2005"]
[Annotator "NA RC"]
[PlyCount "39"]
[EventDate "2023.11.13"]
[EventType "swiss"]
[EventCountry "ITA"]
[SourceTitle "playchess.com"]
[Source "ChessBase"]
[SourceQuality "1"]
[TimeControl "40/5400+30:1800+30"]

1. e4 c5 2. Nf3 d6 3. d4 cxd4 4. Qxd4 Nc6 5. Bb5 Bd7 6. Bxc6 Bxc6 7. Nc3 Nf6 8. Bg5 e6 9. O-O-O Be7 10. Rhe1 O-O 11. Kb1 h6 12. Bh4 b5 13. e5 dxe5 14. Nxe5 Qxd4 15. Rxd4 Bxg2 16. Rg1 Bd5 17. Nxb5 Kh7 18. Nc7 Bd6 19. Bxf6 gxf6 20. Nd7 *

[Event "FIDE WYCC Girls U16 2023"]
[Site "Montesilvano"]
[Date "2023.11.20"]
[Round "7.4"]
[White "Gvatua, Mariam"]
[Black "Tejaswini G"]
[Result "1/2-1/2"]
[ECO "E95"]
[WhiteElo "1701"]
[BlackElo "1956"]
[Annotator "NA RC"]
[PlyCount "121"]
[EventDate "2023.11.13"]
[EventType "swiss"]
[EventCountry "ITA"]
[SourceTitle "playchess.com"]
[Source "ChessBase"]
[SourceQuality "1"]
[TimeControl "40/5400+30:1800+30"]

1. Nf3 Nf6 2. c4 g6 3. Nc3 Bg7 4. e4 d6 5. d4 O-O 6. Be2 Nbd7 7. O-O e5 8. Re1 Re8 9. Bf1 c6 10. d5 c5 11. g3 Kh8 12. Bg2 Ng8 13. h3 Nb6 14. Qe2 Bd7 15. Bd2 Rf8 16. Rac1 h6 17. Nh4 Ne7 18. f4 exf4 19. gxf4 Nexd5 20. Nxg6+ fxg6 21. cxd5 Qh4 22. Qd3 Bd4+ 23. Kh1 Nc4 24. Ne2 Nxb2 25. Qa3 Bg7 26. e5 dxe5 27. Qxb2 exf4 28. Bc3 Bxh3 29. Bxg7+ Kg8 30. Rf1 Rf5 31. Nxf4 Bxg2+ 32. Kxg2 Qg4+ 33. Kh1 Rxf4 34. Rxf4 Qxf4 35. Be5 Qe4+ 36. Kh2 Re8 37. Bg3 Qf3 38. Rc2 Qh5+ 39. Kg1 Qd1+ 40. Kh2 Qh5+ 41. Kg2 Qxd5+ 42. Kh2 Rf8 43. Rd2 Qh5+ 44. Kg2 Qf3+ 45. Kh2 Rf5 46. Qb3+ Qxb3 47. axb3 b6 48. Kg2 g5 49. Rd8+ Kg7 50. Rd7+ Rf7 51. Rd5 Kg6 52. Rd6+ Kh5 53. Rd3 Kg4 54. Bb8 h5 55. Rg3+ Kf5 56. Rf3+ Ke6 57. Rxf7 Kxf7 58. Bxa7 b5 59. Bxc5 Ke6 60. b4 Kf5 61. Kg3 1/2-1/2

[Event "FIDE WYCC Girls U16 2023"]
[Site "Montesilvano"]
[Date "2023.11.20"]
[Round "7.5"]
[White "Ter-Avetisjana, Agnesa Stepania"]
[Black "Karaivanova, Petya"]
[Result "1-0"]
[ECO "D35"]
[WhiteElo "2105"]
[BlackElo "1883"]
[Annotator "NA RC"]
[PlyCount "105"]
[EventDate "2023.11.13"]
[EventType "swiss"]
[EventCountry "ITA"]
[SourceTitle "playchess.com"]
[Source "ChessBase"]
[SourceQuality "1"]
[TimeControl "40/5400+30:1800+30"]

1. d4 d5 2. c4 e6 3. Nc3 Nf6 4. Nf3 c6 5. Bf4 Be7 6. e3 Nbd7 7. a3 O-O 8. Bd3 dxc4 9. Bxc4 b5 10. Bd3 Bb7 11. O-O a6 12. b4 Nh5 13. Be5 Nxe5 14. Nxe5 g6 15. Be4 Rc8 16. Bf3 Ng7 17. Ne4 Qc7 18. Rc1 f6 19. Nd3 Rcd8 20. Qb3 Kh8 21. Nec5 Bc8 22. Qb2 Nf5 23. Nb3 Bd6 24. g3 Qg7 25. Bxc6 h5 26. Bg2 Nh6 27. Nbc5 h4 28. Ne4 Bb8 29. Qe2 Nf5 30. Rfd1 Qh6 31. f4 Bb7 32. Ndc5 Bd5 33. g4 Nxe3 34. g5 fxg5 35. fxg5 Qh7 36. Qxe3 Bf4 37. Qh3 Bxc1 38. Rxc1 Bxe4 39. Nxe4 Rxd4 40. Qxe6 Qg7 41. Qg4 Qe5 42. Qxh4+ Kg8 43. Qh6 Qf4 44. Qxg6+ Kh8 45. Qh6+ Kg8 46. Qe6+ Kg7 47. Qh6+ Kg8 48. Qg6+ Kh8 49. Re1 Qh4 50. Ng3 Qf4 51. Qh6+ Kg8 52. Qe6+ Rf7 53. g6 1-0

[Event "FIDE WYCC Girls U16 2023"]
[Site "Montesilvano"]
[Date "2023.11.20"]
[Round "7.6"]
[White "Peglau, Charis"]
[Black "Karimova, Guldona"]
[Result "*"]
[ECO "B38"]
[WhiteElo "2045"]
[BlackElo "1835"]
[Annotator "NA RC"]
[PlyCount "84"]
[EventDate "2023.11.13"]
[EventType "swiss"]
[EventCountry "ITA"]
[SourceTitle "playchess.com"]
[Source "ChessBase"]
[SourceQuality "1"]
[TimeControl "40/5400+30:1800+30"]

1. d4 Nf6 2. c4 c5 3. Nf3 g6 4. Nc3 Bg7 5. e4 cxd4 6. Nxd4 d6 7. Be2 O-O 8. Be3 Nc6 9. O-O h6 10. Rc1 Bd7 11. f3 Rc8 12. Qd2 Kh7 13. Rfd1 Ne8 14. Nxc6 bxc6 15. b4 Rc7 16. a4 Rb7 17. Na2 c5 18. b5 Nc7 19. f4 Ne6 20. e5 dxe5 21. Bf3 Rc7 22. fxe5 Bxe5 23. Bxh6 Rh8 24. Bd5 Nd4 25. Rf1 Nf5 26. Be3 e6 27. Rxf5 gxf5 28. Bf3 Kg7 29. h3 Bc8 30. Bh6+ Kg6 31. Re1 Qxd2 32. Bxd2 f6 33. Nc1 Bb7 34. Bxb7 Rxb7 35. Nb3 Rd7 36. Re2 Rd3 37. Nc1 Ra3 38. a5 Ra1 39. Kf2 Bd4+ 40. Kg3 e5 41. Kh2 Ra4 42. Nb3 Rxc4 *

[Event "FIDE WYCC Girls U16 2023"]
[Site "Montesilvano"]
[Date "2023.11.20"]
[Round "7.7"]
[White "Begic, Klara"]
[Black "Szczotka, Klara"]
[Result "1-0"]
[ECO "D02"]
[WhiteElo "1877"]
[BlackElo "2020"]
[Annotator "NA RC"]
[PlyCount "85"]
[EventDate "2023.11.13"]
[EventType "swiss"]
[EventCountry "ITA"]
[SourceTitle "playchess.com"]
[Source "ChessBase"]
[SourceQuality "1"]
[TimeControl "40/5400+30:1800+30"]

1. Nf3 d5 2. d4 Nf6 3. g3 e6 4. Bg2 c5 5. e3 Nbd7 6. O-O Bd6 7. b3 b6 8. Bb2 Ba6 9. Re1 Rc8 10. Ne5 Qc7 11. Nxd7 Qxd7 12. a4 cxd4 13. exd4 h5 14. Ba3 h4 15. Bxd6 Qxd6 16. Na3 hxg3 17. hxg3 Rc3 18. Qd2 Qc7 19. Re3 Ne4 20. Bxe4 Rxe3 21. Qxe3 dxe4 22. c4 f5 23. Kg2 O-O 24. Qf4 Qe7 25. Nc2 Bb7 26. Qe5 Rd8 27. Ne3 Qd6 28. Qxd6 Rxd6 29. Rd1 g5 30. Kf1 Kf7 31. Ke2 Bc8 32. c5 bxc5 33. dxc5 Ba6+ 34. Ke1 Rd3 35. b4 Rxd1+ 36. Kxd1 Bd3 37. b5 Ke7 38. Kd2 Kd7 39. Kc3 f4 40. Ng4 Kc7 41. Ne5 Bb1 42. gxf4 gxf4 43. Kb2 1-0

[Event "FIDE WYCC Girls U16 2023"]
[Site "Montesilvano"]
[Date "2023.11.20"]
[Round "7.8"]
[White "Kayis, Gulcan Sena"]
[Black "Shubhi Gupta"]
[Result "1-0"]
[ECO "C48"]
[WhiteElo "1859"]
[BlackElo "1940"]
[Annotator "NA RC"]
[PlyCount "147"]
[EventDate "2023.11.13"]
[EventType "swiss"]
[EventCountry "ITA"]
[SourceTitle "playchess.com"]
[Source "ChessBase"]
[SourceQuality "1"]
[TimeControl "40/5400+30:1800+30"]

1. e4 e5 2. Nf3 Nc6 3. Nc3 Nf6 4. Bb5 Bc5 5. O-O O-O 6. d3 d6 7. h3 h6 8. Ne2 Be6 9. Ng3 Bb6 10. c3 Ne7 11. Re1 c6 12. Ba4 Ng6 13. d4 Qd7 14. Be3 exd4 15. Bxd4 Bxd4 16. Nxd4 b5 17. Bc2 c5 18. Ndf5 Rad8 19. Qf3 Kh7 20. Rad1 Qc7 21. Nh5 Nxh5 22. Qxh5 Kg8 23. Bb1 Rfe8 24. Ne3 Qe7 25. Qf3 Qg5 26. Qg3 Qf6 27. Rxd6 Rxd6 28. Qxd6 Nf4 29. Ng4 Qg5 30. Qe5 Qxe5 31. Nxe5 Bxh3 32. gxh3 Rxe5 33. Re3 Rg5+ 34. Kh1 c4 35. b3 g6 36. Bc2 Ng2 37. Re2 Nh4 38. Re3 Ng2 39. Re2 Kg7 40. b4 Kf6 41. e5+ Ke6 42. Re4 Kd5 43. h4 Nxh4 44. Rxh4 h5 45. Rd4+ Ke6 46. Re4 Kd5 47. Kh2 Rxe5 48. Rxe5+ Kxe5 49. Kg3 g5 50. f4+ gxf4+ 51. Kf3 f5 52. Bd1 h4 53. Be2 h3 54. Bf1 h2 55. Bg2 Kf6 56. Kxf4 Ke6 57. Bc6 Kd6 58. Bf3 Ke6 59. a3 Kf6 60. Bc6 Ke6 61. Bb7 Kf6 62. Bd5 Kg6 63. Bc6 Kf6 64. Kg3 Ke5 65. Kxh2 Kf4 66. Bxb5 Ke3 67. Bxc4 Kd2 68. Kg3 Kxc3 69. Ba6 Kb3 70. Kf4 Kxa3 71. b5 Kb4 72. Kxf5 Kc5 73. Ke6 Kb6 74. Kd6 1-0

[Event "FIDE WYCC Girls U16 2023"]
[Site "Montesilvano"]
[Date "2023.11.20"]
[Round "7.9"]
[White "Zhou, Shumeng"]
[Black "Sippola, Sara-Olivia"]
[Result "1-0"]
[ECO "E05"]
[WhiteElo "1559"]
[BlackElo "1907"]
[Annotator "NA RC"]
[PlyCount "89"]
[EventDate "2023.11.13"]
[EventType "swiss"]
[EventCountry "ITA"]
[SourceTitle "playchess.com"]
[Source "ChessBase"]
[SourceQuality "1"]
[TimeControl "40/5400+30:1800+30"]

1. Nf3 d5 2. g3 Nf6 3. Bg2 e6 4. O-O Be7 5. d4 O-O 6. c4 dxc4 7. Ne5 Nc6 8. Bxc6 bxc6 9. Nxc6 Qe8 10. Nxe7+ Qxe7 11. Qa4 e5 12. dxe5 Qxe5 13. Qxc4 Be6 14. Qd3 Rad8 15. Qe3 Qh5 16. f3 Bc4 17. Nc3 Rfe8 18. Qf2 Nd5 19. Re1 Nxc3 20. bxc3 Qb5 21. e4 Rd3 22. Be3 Red8 23. Rab1 Qa5 24. Bd4 c5 25. Be3 h6 26. Rbc1 R8d7 27. Rc2 Qd8 28. Bxc5 Rd1 29. Bd4 Rxe1+ 30. Qxe1 Rb7 31. Qd2 Qd7 32. Kg2 Rb1 33. Rc1 Qb7 34. Rxb1 Qxb1 35. Qf2 a5 36. Bxg7 Bxa2 37. Bxh6 Bc4 38. Kh3 Be6+ 39. Kh4 Qh1 40. g4 f6 41. Qg3 Qb1 42. g5 f5 43. Qe5 Qe1+ 44. Kh5 Bf7+ 45. g6 1-0